Workbook
Name BASPC29: #REF!
Name CENTRAL_ADMINISTRATIVA_Y_CONTABLE_ESPECIALIZADA_TELEMÁTICA: #REF!
Name Rubros: #REF!

Sheet DISTRIBUCION PRESUPUESTAL
B2: TIPO DE GASTO | C2: CTA | D2: SUB | E2: OBJG | F2: ORD | G2: SUB - ORD | H2: FUENTE | I2: REC | J2: C/S | K2: DESCRIPCIÓN | L2: VALOR
B3: A | C3: 02 | D3: 02 | E3: 01 | F3: 004 | G3: 003 | H3: NACIÓN | I3: 16 | J3: CSF | K3: MAQUINA PARA USO GENERAL | L3: =+#REF! -> #REF!
B4: A | C4: 02 | D4: 02 | E4: 02 | F4: 008 | G4: 007 | H4: NACIÓN | I4: 10 | J4: SSF | K4: SERVICIOS DE MANTENIMIENTO Y REPARACIÓN DE OTRA MAQUINARIA Y OTRO E QUIPO | L4: =+#REF! -> #REF!
B5: TOTAL PRESUPUESTO ASIGNADO VIGENCIA 2024 | L5: =SUM(L3:L4) -> #REF!

Sheet PRECIOS HISTÓRICOS 1
C3: PRECIOS HISTÓRICOS
I4: SMLV ANUAL 2025
C5: ITEM | D5: DESCRIPCIÓN DEL BIEN Y/O SERVICIO | E5: UNIDAD MEDIDA | F5: V/R TOTAL UNITARIO CON IVA INCLUIDO (SI APLICA) | G5: VALOR ANUAL IPC 5,10% IVA INCLUIDO
C6: 1 | G6: =ROUND(F6*(1+$I$6),0) -> 0 | I6: 0.051
C7: 2 | G7: =ROUND(F7*(1+$I$6),0) -> 0
C8: 3 | G8: =ROUND(F8*(1+$I$6),0) -> 0
C9: 4 | G9: =ROUND(F9*(1+$I$6),0) -> 0
C10: 5 | G10: =ROUND(F10*(1+$I$6),0) -> 0
C11: 6 | G11: =ROUND(F11*(1+$I$6),0) -> 0
C12: 7 | G12: =ROUND(F12*(1+$I$6),0) -> 0
C13: 8 | G13: =ROUND(F13*(1+$I$6),0) -> 0
C14: 9 | G14: =ROUND(F14*(1+$I$6),0) -> 0
C15: 10 | G15: =ROUND(F15*(1+$I$6),0) -> 0
C16: 11 | G16: =ROUND(F16*(1+$I$6),0) -> 0
C17: 12 | G17: =ROUND(F17*(1+$I$6),0) -> 0
C18: 13 | G18: =ROUND(F18*(1+$I$6),0) -> 0
... C25: 20 | G25: =ROUND(F25*(1+$I$6),0) -> 0

Sheet PRECIOS HISTÓRICOS 2
J1: IPC ANUAL 2024
C3: PRECIOS HISTÓRICOS | J3: 0.052 | M3: DOTACIÓN EPP 2024
J4: IPC ANUAL 2025 | M4: 02-02-01-002-008-002 DOTACIÓN (prendas de vestir y calzado)
C5: ITEM | D5: DESCRIPCIÓN DEL BIEN Y/O SERVICIO | E5: UNIDAD MEDIDA | F5: V/R TOTAL UNITARIO CON IVA INCLUIDO (SI APLICA) | G5: VALOR ANUAL IPC 5,20% IVA INCLUIDO | H5: VALOR ANUAL IPC 5,10% IVA INCLUIDO
C6: 1 | G6: =ROUND(F6*(1+$J$3),0) -> 0 | H6: =ROUND(G6*(1+$J$6),0) -> 0 | J6: 0.051
C7: 2 | G7: =ROUND(F7*(1+$J$3),0) -> 0 | H7: =ROUND(G7*(1+$J$6),0) -> 0
C8: 3 | G8: =ROUND(F8*(1+$J$3),0) -> 0 | H8: =ROUND(G8*(1+$J$6),0) -> 0
C9: 4 | G9: =ROUND(F9*(1+$J$3),0) -> 0 | H9: =ROUND(G9*(1+$J$6),0) -> 0
C10: 5 | G10: =ROUND(F10*(1+$J$3),0) -> 0 | H10: =ROUND(G10*(1+$J$6),0) -> 0
C11: 6 | G11: =ROUND(F11*(1+$J$3),0) -> 0 | H11: =ROUND(G11*(1+$J$6),0) -> 0
C12: 7 | G12: =ROUND(F12*(1+$J$3),0) -> 0 | H12: =ROUND(G12*(1+$J$6),0) -> 0
C13: 8 | G13: =ROUND(F13*(1+$J$3),0) -> 0 | H13: =ROUND(G13*(1+$J$6),0) -> 0
C14: 9 | G14: =ROUND(F14*(1+$J$3),0) -> 0 | H14: =ROUND(G14*(1+$J$6),0) -> 0
C15: 10 | G15: =ROUND(F15*(1+$J$3),0) -> 0 | H15: =ROUND(G15*(1+$J$6),0) -> 0
C16: 11 | G16: =ROUND(F16*(1+$J$3),0) -> 0 | H16: =ROUND(G16*(1+$J$6),0) -> 0
C17: 12 | G17: =ROUND(F17*(1+$J$3),0) -> 0 | H17: =ROUND(G17*(1+$J$6),0) -> 0
C18: 13 | G18: =ROUND(F18*(1+$J$3),0) -> 0 | H18: =ROUND(G18*(1+$J$6),0) -> 0
... C23: 18 | G23: =ROUND(F23*(1+$J$3),0) -> 0 | H23: =ROUND(G23*(1+$J$6),0) -> 0

Sheet CUBRIMIENTO NECESIDAD
B2: REVISIÓN TÉCNICO MECÁNICA Y DE GASES CONTAMINANTES
B3: CLASIFICADOR POR OBJETO DEL GASTO | D3: NOMBRE CUENTA | G3: OAFP
G4: BAS05 | K4: BICAL | O4: BIRIC | S4: BIREY | W4: BITER5 | AA4: GGCHI | AE4: BAACA5 | AI4: BILUD | AM4: BAADA2 | AQ4: BAACA6 | AU4: BASRO | AY4: BAAID2 | BC4: BMMA2 | BG4: BIDEH3 | BK4: CENAC BUCARAMANGA | BO4: ZONA5 | BS4: BR19 | BW4: BADRA25 | CA4: BRCNA2 | CE4: FUDRA9 | CI4: BIDEH3 ING | CM4: BICAL ING | CQ4: GGCHI CDO GRAL | CU4: GGMAM
B5: ITEM | C5: DESCRIPCIÓN DEL BIEN Y/O SERVICIO | D5: UNIDAD MEDIDA | E5: VALOR UNITARIO OFERTADO INCLUIDOS IMPUESTOS Y DEMAS GRAVAMENES APLICABLES CONFORME A NORMATIVIDAD VIGENTE | F5: CANTIDADES MÍNIMAS A ADQUIRIR | G5: TOTAL NEC | H5: CAN MIN | I5: LIMITACION | J5: VALOR PTO POR ITEM | K5: TOTAL NEC | L5: CAN MIN | M5: LIMITACION | N5: VALOR PTO POR ITEM | O5: TOTAL NEC | P5: CAN MIN | Q5: LIMITACION | R5: VALOR PTO POR ITEM | S5: TOTAL NEC | T5: CAN MIN | U5: LIMITACION | V5: VALOR PTO POR ITEM | W5: TOTAL NEC | X5: CAN MIN | Y5: LIMITACION | Z5: VALOR PTO POR ITEM | AA5: TOTAL NEC | AB5: CAN MIN | AC5: LIMITACION | AD5: VALOR PTO POR ITEM | AE5: TOTAL NEC | AF5: CAN MIN | AG5: LIMITACION | AH5: VALOR PTO POR ITEM | AI5: TOTAL NEC | AJ5: CAN MIN | AK5: LIMITACION | AL5: VALOR PTO POR ITEM | AM5: TOTAL NEC | AN5: CAN MIN | AO5: LIMITACION | AP5: VALOR PTO POR ITEM | AQ5: TOTAL NEC | AR5: CAN MIN | AS5: LIMITACION | AT5: VALOR PTO POR ITEM | AU5: TOTAL NEC | AV5: CAN MIN | AW5: LIMITACION | AX5: VALOR PTO POR ITEM | AY5: TOTAL NEC | AZ5: CAN MIN | BA5: LIMITACION | BB5: VALOR PTO POR ITEM | BC5: TOTAL NEC | BD5: CAN MIN | BE5: LIMITACION | BF5: VALOR PTO POR ITEM | BG5: TOTAL NEC | BH5: CAN MIN | BI5: LIMITACION | BJ5: VALOR PTO POR ITEM | BK5: TOTAL NEC | BL5: CAN MIN | BM5: LIMITACION | BN5: VALOR PTO POR ITEM | BO5: TOTAL NEC | BP5: CAN MIN | BQ5: LIMITACION | BR5: VALOR PTO POR ITEM | BS5: TOTAL NEC | BT5: CAN MIN | BU5: LIMITACION | BV5: VALOR PTO POR ITEM | BW5: TOTAL NEC | BX5: CAN MIN | BY5: LIMITACION | BZ5: VALOR PTO POR ITEM | CA5: TOTAL NEC | CB5: CAN MIN | CC5: LIMITACION | CD5: VALOR PTO POR ITEM | CE5: TOTAL NEC | CF5: CAN MIN | CG5: LIMITACION | CH5: VALOR PTO POR ITEM | CI5: TOTAL NEC | CJ5: CAN MIN | CK5: LIMITACION | CL5: VALOR PTO POR ITEM | CM5: TOTAL NEC | CN5: CAN MIN | CO5: LIMITACION | CP5: VALOR PTO POR ITEM | CQ5: TOTAL NEC | CR5: CAN MIN | CS5: LIMITACION | CT5: VALOR PTO POR ITEM | CU5: TOTAL NEC | CV5: CAN MIN | CW5: LIMITACION | CX5: VALOR PTO POR ITEM | CY5: TOTAL
B6: 1 | C6: CATEGORIA A: REVISIÓN TÉCNICO MECÁNICA Y DE GASES CONTAMINANTES PARA MOTOCICLETAS PARTICULAES (OFICIALES) ANTIGUEDAD 3-7 AÑOS | D6: SERVICIO | E6: 247200.28 | F6: 51 | G6: 0 | H6: 0 | I6: 0 | J6: =H6*$E6 -> 0 | K6: 0 | L6: 0 | M6: 0 | N6: =L6*E6 -> 0 | O6: 9 | P6: 9 | Q6: 0 | R6: =P6*E6 -> 2224802.5 | S6: 4 | T6: 4 | U6: 0 | V6: =T6*E6 -> 988801.12 | Y6: 0 | Z6: =X6*E6 -> 0 | AC6: 0 | AD6: =AB6*E6 -> 0 | AG6: =AE6-AF6 -> 0 | AH6: =AF6*E6 -> 0 | AI6: 8 | AJ6: 8 | AK6: 0 | AL6: =AJ6*E6 -> 1977602.2 | AO6: 0 | AP6: =AN6*E6 -> 0 | AQ6: 28 | AR6: 28 | AS6: 0 | AT6: =AR6*E6 -> 6921607.8 | AU6: 2 | AV6: 2 | AW6: 0 | AX6: =AV6*E6 -> 494400.56 | BA6: 0 | BB6: =AZ6*E6 -> 0 | BE6: 0 | BF6: =BD6*E6 -> 0 | BI6: 0 | BJ6: =BH6*E6 -> 0 | BM6: 0 | BN6: =BL6*E6 -> 0 | BQ6: 0 | BR6: =BP6*E6 -> 0 | BU6: 0 | BV6: =BT6*E6 -> 0 | BY6: 0 | BZ6: =BX6*E6 -> 0 | CC6: 0 | CD6: =CB6*E6 -> 0 | CG6: 0 | CH6: =CF6*E6 -> 0 | CK6: 0 | CL6: =CJ6*E6 -> 0 | CO6: 0 | CP6: =CN6*E6 -> 0 | CS6: 0 | CT6: =CR6*E6 -> 0 | CW6: 0 | CX6: =CV6*E6 -> 0 | CY6: 12607214
B7: 2 | C7: CATEGORIA B: REVISIÓN TÉCNICO MECÁNICA Y DE GASES CONTAMINANTES PARA MOTOCICLETAS PARTICULAES (OFICIALES) ANTIGUEDAD 8-17 AÑOS | D7: SERVICIO | E7: 247500.28 | F7: 55 | G7: 8 | H7: 8 | I7: 0 | J7: =H7*$E7 -> 1980002.2 | K7: 12 | L7: 12 | M7: 0 | N7: =L7*E7 -> 2970003.4 | O7: 7 | P7: 7 | Q7: 0 | R7: =P7*E7 -> 1732502 | S7: 6 | T7: 6 | U7: 0 | V7: =T7*E7 -> 1485001.7 | Y7: 0 | Z7: =X7*E7 -> 0 | AA7: 4 | AB7: 4 | AC7: 0 | AD7: =AB7*E7 -> 990001.12 | AE7: 11 | AF7: 11 | AG7: =AE7-AF7 -> 0 | AH7: =AF7*E7 -> 2722503.1 | AK7: 0 | AL7: =AJ7*E7 -> 0 | AO7: 0 | AP7: =AN7*E7 -> 0 | AQ7: 3 | AR7: 3 | AS7: 0 | AT7: =AR7*E7 -> 742500.84 | AU7: 2 | AV7: 2 | AW7: 0 | AX7: =AV7*E7 -> 495000.56 | BA7: 0 | BB7: =AZ7*E7 -> 0 | BE7: 0 | BF7: =BD7*E7 -> 0 | BG7: 2 | BH7: 2 | BI7: 0 | BJ7: =BH7*E7 -> 495000.56 | BM7: 0 | BN7: =BL7*E7 -> 0 | BQ7: 0 | BR7: =BP7*E7 -> 0 | BU7: 0 | BV7: =BT7*E7 -> 0 | BY7: 0 | BZ7: =BX7*E7 -> 0 | CC7: 0 | CD7: =CB7*E7 -> 0 | CG7: 0 | CH7: =CF7*E7 -> 0 | CK7: 0 | CL7: =CJ7*E7 -> 0 | CO7: 0 | CP7: =CN7*E7 -> 0 | CS7: 0 | CT7: =CR7*E7 -> 0 | CW7: 0 | CX7: =CV7*E7 -> 0 | CY7: 13612515
B8: 3 | C8: CATEGORIA C: REVISIÓN TÉCNICO MECÁNICA Y DE GASES CONTAMINANTES PARA LIVIANOS PARTICULAES (OFICIALES) ANTIGUEDAD 3-7 AÑOS | D8: SERVICIO | E8: 368499.56 | F8: 6 | G8: 2 | H8: 2 | I8: 0 | J8: =H8*$E8 -> 736999.12 | K8: 0 | L8: 0 | M8: 0 | N8: =L8*E8 -> 0 | Q8: 0 | R8: =P8*E8 -> 0 | U8: 0 | V8: =T8*E8 -> 0 | Y8: 0 | Z8: =X8*E8 -> 0 | AC8: 0 | AD8: =AB8*E8 -> 0 | AG8: =AE8-AF8 -> 0 | AH8: =AF8*E8 -> 0 | AK8: 0 | AL8: =AJ8*E8 -> 0 | AO8: 0 | AP8: =AN8*E8 -> 0 | AS8: 0 | AT8: =AR8*E8 -> 0 | AW8: 0 | AX8: =AV8*E8 -> 0 | BA8: 0 | BB8: =AZ8*E8 -> 0 | BE8: 0 | BF8: =BD8*E8 -> 0 | BI8: 0 | BJ8: =BH8*E8 -> 0 | BM8: 0 | BN8: =BL8*E8 -> 0 | BQ8: 0 | BR8: =BP8*E8 -> 0 | BS8: 2 | BT8: 2 | BU8: 0 | BV8: =BT8*E8 -> 736999.12 | BY8: 0 | BZ8: =BX8*E8 -> 0 | CC8: 0 | CD8: =CB8*E8 -> 0 | CG8: 0 | CH8: =CF8*E8 -> 0 | CI8: 2 | CJ8: 1 | CK8: 1 | CL8: =CJ8*E8 -> 368499.56 | CO8: 0 | CP8: =CN8*E8 -> 0 | CQ8: 2 | CR8: 1 | CS8: 1 | CT8: =CR8*E8 -> 368499.56 | CU8: 1 | CV8: 0 | CW8: 1 | CX8: =CV8*E8 -> 0 | CY8: 2210997.4
B9: 4 | C9: CATEGORIA D: REVISIÓN TÉCNICO MECÁNICA Y DE GASES CONTAMINANTES PARA LIVIANOS PARTICULAES (OFICIALES) ANTIGUEDAD 8-17 AÑOS | D9: SERVICIO | E9: 368899.56 | F9: 64 | G9: 21 | H9: 21 | I9: 0 | J9: =H9*$E9 -> 7746890.8 | K9: 1 | L9: 1 | M9: 0 | N9: =L9*E9 -> 368899.56 | O9: 3 | P9: 3 | Q9: 0 | R9: =P9*E9 -> 1106698.7 | S9: 2 | T9: 2 | U9: 0 | V9: =T9*E9 -> 737799.12 | W9: 3 | X9: 3 | Y9: 0 | Z9: =X9*E9 -> 1106698.7 | AA9: 3 | AB9: 3 | AC9: 0 | AD9: =AB9*E9 -> 1106698.7 | AE9: 3 | AF9: 3 | AG9: =AE9-AF9 -> 0 | AH9: =AF9*E9 -> 1106698.7 | AI9: 3 | AJ9: 3 | AK9: 0 | AL9: =AJ9*E9 -> 1106698.7 | AO9: 0 | AP9: =AN9*E9 -> 0 | AQ9: 4 | AR9: 4 | AS9: 0 | AT9: =AR9*E9 -> 1475598.2 | AU9: 1 | AV9: 1 | AW9: 0 | AX9: =AV9*E9 -> 368899.56 | BA9: 0 | BB9: =AZ9*E9 -> 0 | BC9: 2 | BD9: 2 | BE9: 0 | BF9: =BD9*E9 -> 737799.12 | BG9: 7 | BH9: 7 | BI9: 0 | BJ9: =BH9*E9 -> 2582296.9 | BK9: 1 | BL9: 1 | BM9: 0 | BN9: =BL9*E9 -> 368899.56 | BO9: 1 | BP9: 1 | BQ9: 0 | BR9: =BP9*E9 -> 368899.56 | BS9: 2 | BT9: 2 | BU9: 0 | BV9: =BT9*E9 -> 737799.12 | BY9: 0 | BZ9: =BX9*E9 -> 0 | CC9: 0 | CD9: =CB9*E9 -> 0 | CE9: 2 | CF9: 2 | CG9: 0 | CH9: =CF9*E9 -> 737799.12 | CI9: 5 | CJ9: 5 | CK9: 0 | CL9: =CJ9*E9 -> 1844497.8 | CO9: 0 | CP9: =CN9*E9 -> 0 | CS9: 0 | CT9: =CR9*E9 -> 0 | CW9: 0 | CX9: =CV9*E9 -> 0 | CY9: 23609572
B10: 5 | C10: CATEGORIA E: REVISIÓN TÉCNICO MECÁNICA Y DE GASES CONTAMINANTES PARA LIVIANOS PARTICULAES (OFICIALES) ANTIGUEDAD 17 AÑOS O MÁS | D10: SERVICIO | E10: 368499.56 | F10: 10 | G10: 0 | H10: 0 | I10: 0 | J10: =H10*$E10 -> 0 | K10: 0 | L10: 0 | M10: 0 | N10: =L10*E10 -> 0 | Q10: 0 | R10: =P10*E10 -> 0 | U10: 0 | V10: =T10*E10 -> 0 | W10: 1 | X10: 1 | Y10: 0 | Z10: =X10*E10 -> 368499.56 | AC10: 0 | AD10: =AB10*E10 -> 0 | AE10: 1 | AF10: 1 | AG10: =AE10-AF10 -> 0 | AH10: =AF10*E10 -> 368499.56 | AI10: 1 | AJ10: 1 | AK10: 0 | AL10: =AJ10*E10 -> 368499.56 | AM10: 2 | AN10: 2 | AO10: 0 | AP10: =AN10*E10 -> 736999.12 | AS10: 0 | AT10: =AR10*E10 -> 0 | AU10: 1 | AV10: 1 | AW10: 0 | AX10: =AV10*E10 -> 368499.56 | AY10: 1 | AZ10: 1 | BA10: 0 | BB10: =AZ10*E10 -> 368499.56 | BE10: 0 | BF10: =BD10*E10 -> 0 | BI10: 0 | BJ10: =BH10*E10 -> 0 | BM10: 0 | BN10: =BL10*E10 -> 0 | BQ10: 0 | BR10: =BP10*E10 -> 0 | BS10: 1 | BT10: 1 | BU10: 0 | BV10: =BT10*E10 -> 368499.56 | BW10: 1 | BX10: 1 | BY10: 0 | BZ10: =BX10*E10 -> 368499.56 | CC10: 0 | CD10: =CB10*E10 -> 0 | CE10: 1 | CF10: 1 | CG10: 0 | CH10: =CF10*E10 -> 368499.56 | CK10: 0 | CL10: =CJ10*E10 -> 0 | CO10: 0 | CP10: =CN10*E10 -> 0 | CS10: 0 | CT10: =CR10*E10 -> 0 | CW10: 0 | CX10: =CV10*E10 -> 0 | CY10: 3684995.6
B11: 6 | C11: CATEGORIA F: REVISIÓN TÉCNICO MECÁNICA Y DE GASES CONTAMINANTES PARA PESADOS PARTICULAES (OFICIALES) ANTIGUEDAD 3-7 AÑOS | D11: SERVICIO | E11: 562600.26 | F11: 25 | G11: 3 | H11: 3 | I11: 0 | J11: =H11*$E11 -> 1687800.8 | K11: 0 | L11: 0 | M11: 0 | N11: =L11*E11 -> 0 | Q11: 0 | R11: =P11*E11 -> 0 | U11: 0 | V11: =T11*E11 -> 0 | Y11: 0 | Z11: =X11*E11 -> 0 | AC11: 0 | AD11: =AB11*E11 -> 0 | AG11: =AE11-AF11 -> 0 | AH11: =AF11*E11 -> 0 | AK11: 0 | AL11: =AJ11*E11 -> 0 | AM11: 4 | AN11: 4 | AO11: 0 | AP11: =AN11*E11 -> 2250401 | AS11: 0 | AT11: =AR11*E11 -> 0 | AU11: 4 | AV11: 4 | AW11: 0 | AX11: =AV11*E11 -> 2250401 | BA11: 0 | BB11: =AZ11*E11 -> 0 | BE11: 0 | BF11: =BD11*E11 -> 0 | BG11: 1 | BH11: 1 | BI11: 0 | BJ11: =BH11*E11 -> 562600.26 | BM11: 0 | BN11: =BL11*E11 -> 0 | BQ11: 0 | BR11: =BP11*E11 -> 0 | BU11: 0 | BV11: =BT11*E11 -> 0 | BY11: 0 | BZ11: =BX11*E11 -> 0 | CA11: 6 | CB11: 6 | CC11: 0 | CD11: =CB11*E11 -> 3375601.6 | CG11: 0 | CH11: =CF11*E11 -> 0 | CI11: 6 | CJ11: 6 | CK11: 0 | CL11: =CJ11*E11 -> 3375601.6 | CO11: 0 | CP11: =CN11*E11 -> 0 | CQ11: 1 | CR11: 1 | CS11: 0 | CT11: =CR11*E11 -> 562600.26 | CW11: 0 | CX11: =CV11*E11 -> 0 | CY11: 14065006
B12: 7 | C12: CATEGORIA G: REVISIÓN TÉCNICO MECÁNICA Y DE GASES CONTAMINANTES PARA PESADOS PARTICULAES (OFICIALES) ANTIGUEDAD 8-17 AÑOS | D12: SERVICIO | E12: 562900.26 | F12: 27 | G12: 8 | H12: 8 | I12: 0 | J12: =H12*$E12 -> 4503202.1 | K12: 0 | L12: 0 | M12: 0 | N12: =L12*E12 -> 0 | Q12: 0 | R12: =P12*E12 -> 0 | U12: 0 | V12: =T12*E12 -> 0 | W12: 1 | X12: 1 | Y12: 0 | Z12: =X12*E12 -> 562900.26 | AC12: 0 | AD12: =AB12*E12 -> 0 | AE12: 1 | AF12: 1 | AG12: =AE12-AF12 -> 0 | AH12: =AF12*E12 -> 562900.26 | AK12: 0 | AL12: =AJ12*E12 -> 0 | AO12: 0 | AP12: =AN12*E12 -> 0 | AQ12: 7 | AR12: 7 | AS12: 0 | AT12: =AR12*E12 -> 3940301.8 | AU12: 1 | AV12: 1 | AW12: 0 | AX12: =AV12*E12 -> 562900.26 | AY12: 1 | AZ12: 1 | BA12: 0 | BB12: =AZ12*E12 -> 562900.26 | BE12: 0 | BF12: =BD12*E12 -> 0 | BG12: 4 | BH12: 4 | BI12: 0 | BJ12: =BH12*E12 -> 2251601 | BM12: 0 | BN12: =BL12*E12 -> 0 | BQ12: 0 | BR12: =BP12*E12 -> 0 | BU12: 0 | BV12: =BT12*E12 -> 0 | BY12: 0 | BZ12: =BX12*E12 -> 0 | CC12: 0 | CD12: =CB12*E12 -> 0 | CE12: 1 | CF12: 1 | CG12: 0 | CH12: =CF12*E12 -> 562900.26 | CI12: 1 | CJ12: 1 | CK12: 0 | CL12: =CJ12*E12 -> 562900.26 | CM12: 3 | CN12: 2 | CO12: 1 | CP12: =CN12*E12 -> 1125800.5 | CS12: 0 | CT12: =CR12*E12 -> 0 | CW12: 0 | CX12: =CV12*E12 -> 0 | CY12: 15198307
B13: 8 | C13: CATEGORIA H: REVISIÓN TÉCNICO MECÁNICA Y DE GASES CONTAMINANTES PARA PESADOS PARTICULAES (OFICIALES) ANTIGUEDAD 17 AÑOS O MÁS | D13: SERVICIO | E13: 562600.26 | F13: 25 | G13: 6 | H13: 6 | I13: 0 | J13: =H13*$E13 -> 3375601.6 | K13: 2 | L13: 2 | M13: 0 | N13: =L13*E13 -> 1125200.5 | O13: 1 | P13: 1 | Q13: 0 | R13: =P13*E13 -> 562600.26 | S13: 2 | T13: 2 | U13: 0 | V13: =T13*E13 -> 1125200.5 | Y13: 0 | Z13: =X13*E13 -> 0 | AC13: 0 | AD13: =AB13*E13 -> 0 | AE13: 3 | AF13: 3 | AG13: =AE13-AF13 -> 0 | AH13: =AF13*E13 -> 1687800.8 | AI13: 4 | AJ13: 4 | AK13: 0 | AL13: =AJ13*E13 -> 2250401 | AM13: 4 | AN13: 4 | AO13: 0 | AP13: =AN13*E13 -> 2250401 | AS13: 0 | AT13: =AR13*E13 -> 0 | AW13: 0 | AX13: =AV13*E13 -> 0 | BA13: 0 | BB13: =AZ13*E13 -> 0 | BE13: 0 | BF13: =BD13*E13 -> 0 | BI13: 0 | BJ13: =BH13*E13 -> 0 | BM13: 0 | BN13: =BL13*E13 -> 0 | BQ13: 0 | BR13: =BP13*E13 -> 0 | BU13: 0 | BV13: =BT13*E13 -> 0 | BY13: 0 | BZ13: =BX13*E13 -> 0 | CC13: 0 | CD13: =CB13*E13 -> 0 | CE13: 1 | CF13: 1 | CG13: 0 | CH13: =CF13*E13 -> 562600.26 | CK13: 0 | CL13: =CJ13*E13 -> 0 | CM13: 2 | CN13: 2 | CO13: 0 | CP13: =CN13*E13 -> 1125200.5 | CS13: 0 | CT13: =CR13*E13 -> 0 | CW13: 0 | CX13: =CV13*E13 -> 0 | CY13: 14065006
B14: 9 | C14: CATEGORIA I: REVISIÓN TÉCNICO MECÁNICA Y DE GASES CONTAMINANTES PARA PESADOS PUBLICOS ANTIGUEDAD 8-17 AÑOS | D14: SERVICIO | E14: 562300.26 | F14: 18 | G14: 1 | H14: 1 | I14: 0 | J14: =H14*$E14 -> 562300.26 | K14: 0 | L14: 0 | M14: 0 | N14: =L14*E14 -> 0 | O14: 1 | P14: 1 | Q14: 0 | R14: =P14*E14 -> 562300.26 | S14: 1 | T14: 1 | U14: 0 | V14: =T14*E14 -> 562300.26 | Y14: 0 | Z14: =X14*E14 -> 0 | AC14: 0 | AD14: =AB14*E14 -> 0 | AG14: =AE14-AF14 -> 0 | AH14: =AF14*E14 -> 0 | AI14: 3 | AJ14: 3 | AK14: 0 | AL14: =AJ14*E14 -> 1686900.8 | AM14: 3 | AN14: 3 | AO14: 0 | AP14: =AN14*E14 -> 1686900.8 | AS14: 0 | AT14: =AR14*E14 -> 0 | AU14: 3 | AV14: 3 | AW14: 0 | AX14: =AV14*E14 -> 1686900.8 | AY14: 1 | AZ14: 1 | BA14: 0 | BB14: =AZ14*E14 -> 562300.26 | BC14: 1 | BD14: 1 | BE14: 0 | BF14: =BD14*E14 -> 562300.26 | BI14: 0 | BJ14: =BH14*E14 -> 0 | BM14: 0 | BN14: =BL14*E14 -> 0 | BQ14: 0 | BR14: =BP14*E14 -> 0 | BU14: 0 | BV14: =BT14*E14 -> 0 | BY14: 0 | BZ14: =BX14*E14 -> 0 | CC14: 0 | CD14: =CB14*E14 -> 0 | CE14: 2 | CF14: 2 | CG14: 0 | CH14: =CF14*E14 -> 1124600.5 | CK14: 0 | CL14: =CJ14*E14 -> 0 | CM14: 2 | CN14: 2 | CO14: 0 | CP14: =CN14*E14 -> 1124600.5 | CS14: 0 | CT14: =CR14*E14 -> 0 | CW14: 0 | CX14: =CV14*E14 -> 0 | CY14: 10121405
B15: 10 | C15: CATEGORIA J: REVISIÓN TÉCNICO MECÁNICA Y DE GASES CONTAMINANTES PARA PESADOS PUBLICOS ANTIGUEDAD 17 AÑOS O MÁS | D15: SERVICIO | E15: 562100.26 | F15: 11 | G15: 2 | H15: 2 | I15: 0 | J15: =H15*$E15 -> 1124200.5 | K15: 2 | L15: 2 | M15: 0 | N15: =L15*E15 -> 1124200.5 | Q15: 0 | R15: =P15*E15 -> 0 | S15: 2 | T15: 2 | U15: 0 | V15: =T15*E15 -> 1124200.5 | W15: 1 | X15: 1 | Y15: 0 | Z15: =X15*E15 -> 562100.26 | AC15: 0 | AD15: =AB15*E15 -> 0 | AE15: 1 | AF15: 1 | AG15: =AE15-AF15 -> 0 | AH15: =AF15*E15 -> 562100.26 | AI15: 1 | AJ15: 1 | AK15: 0 | AL15: =AJ15*E15 -> 562100.26 | AO15: 0 | AP15: =AN15*E15 -> 0 | AS15: 0 | AT15: =AR15*E15 -> 0 | AW15: 0 | AX15: =AV15*E15 -> 0 | BA15: 0 | BB15: =AZ15*E15 -> 0 | BC15: 1 | BD15: 1 | BE15: 0 | BF15: =BD15*E15 -> 562100.26 | BI15: 0 | BJ15: =BH15*E15 -> 0 | BM15: 0 | BN15: =BL15*E15 -> 0 | BQ15: 0 | BR15: =BP15*E15 -> 0 | BU15: 0 | BV15: =BT15*E15 -> 0 | BY15: 0 | BZ15: =BX15*E15 -> 0 | CC15: 0 | CD15: =CB15*E15 -> 0 | CG15: 0 | CH15: =CF15*E15 -> 0 | CK15: 0 | CL15: =CJ15*E15 -> 0 | CO15: 0 | CP15: =CN15*E15 -> 0 | CQ15: 3 | CR15: 1 | CS15: 2 | CT15: =CR15*E15 -> 562100.26 | CW15: 0 | CX15: =CV15*E15 -> 0 | CY15: 6183102.9
B16: 11 | C16: CATEGORIA K: REVISIÓN TÉCNICO MECÁNICA Y DE GASES CONTAMINANTES PARA CUATRIMOTOS PARTICULAES (OFICIALES) ANTIGUEDAD 8-17 AÑOS | D16: SERVICIO | E16: 368899.56 | F16: 1 | G16: 0 | H16: 0 | I16: 0 | J16: =H16*$E16 -> 0 | K16: 0 | L16: 0 | M16: 0 | N16: =L16*E16 -> 0 | Q16: 0 | R16: =P16*E16 -> 0 | U16: 0 | V16: =T16*E16 -> 0 | Y16: 0 | Z16: =X16*E16 -> 0 | AC16: 0 | AD16: =AB16*E16 -> 0 | AG16: =AE16-AF16 -> 0 | AH16: =AF16*E16 -> 0 | AK16: 0 | AL16: =AJ16*E16 -> 0 | AO16: 0 | AP16: =AN16*E16 -> 0 | AS16: 0 | AT16: =AR16*E16 -> 0 | AW16: 0 | AX16: =AV16*E16 -> 0 | BA16: 0 | BB16: =AZ16*E16 -> 0 | BE16: 0 | BF16: =BD16*E16 -> 0 | BI16: 0 | BJ16: =BH16*E16 -> 0 | BM16: 0 | BN16: =BL16*E16 -> 0 | BQ16: 0 | BR16: =BP16*E16 -> 0 | BU16: 0 | BV16: =BT16*E16 -> 0 | BY16: 0 | BZ16: =BX16*E16 -> 0 | CC16: 0 | CD16: =CB16*E16 -> 0 | CG16: 0 | CH16: =CF16*E16 -> 0 | CI16: 1 | CJ16: 1 | CK16: 0 | CL16: =CJ16*E16 -> 368899.56 | CO16: 0 | CP16: =CN16*E16 -> 0 | CS16: 0 | CT16: =CR16*E16 -> 0 | CW16: 0 | CX16: =CV16*E16 -> 0 | CY16: 368899.56
B17: 12 | C17: CATEGORIA L: REVISIÓN TÉCNICO MECÁNICA Y DE GASES CONTAMINANTES PARA MOTOCICLETAS PARTICULAES (OFICIALES) ANTIGUEDAD 0-2 AÑOS | D17: SERVICIO | E17: 246900.28 | F17: 1 | G17: 0 | H17: 0 | I17: 0 | J17: =H17*$E17 -> 0 | K17: 0 | L17: 0 | M17: 0 | N17: =L17*E17 -> 0 | Q17: 0 | R17: =P17*E17 -> 0 | U17: 0 | V17: =T17*E17 -> 0 | Y17: 0 | Z17: =X17*E17 -> 0 | AC17: 0 | AD17: =AB17*E17 -> 0 | AG17: =AE17-AF17 -> 0 | AH17: =AF17*E17 -> 0 | AK17: 0 | AL17: =AJ17*E17 -> 0 | AO17: 0 | AP17: =AN17*E17 -> 0 | AS17: 0 | AT17: =AR17*E17 -> 0 | AW17: 0 | AX17: =AV17*E17 -> 0 | BA17: 0 | BB17: =AZ17*E17 -> 0 | BE17: 0 | BF17: =BD17*E17 -> 0 | BI17: 0 | BJ17: =BH17*E17 -> 0 | BM17: 0 | BN17: =BL17*E17 -> 0 | BQ17: 0 | BR17: =BP17*E17 -> 0 | BU17: 0 | BV17: =BT17*E17 -> 0 | BY17: 0 | BZ17: =BX17*E17 -> 0 | CC17: 0 | CD17: =CB17*E17 -> 0 | CG17: 0 | CH17: =CF17*E17 -> 0 | CK17: 0 | CL17: =CJ17*E17 -> 0 | CO17: 0 | CP17: =CN17*E17 -> 0 | CS17: 0 | CT17: =CR17*E17 -> 0 | CU17: 2 | CV17: 1 | CW17: 1 | CX17: =CV17*E17 -> 246900.28 | CY17: 246900.28
E18: =SUM(E6:E17) -> 5028900.4 | G18: =SUM(G6:G17) -> 51 | H18: =SUM(H6:H17) -> 51 | I18: =SUM(I6:I17) -> 0 | J18: =SUM(J6:J17) -> 21716997 | K18: =SUM(K6:K17) -> 17 | L18: =SUM(L6:L17) -> 17 | M18: =SUM(M6:M17) -> 0 | N18: =SUM(N6:N17) -> 5588304 | ... CG18: =SUM(CG6:CG17) -> 0 | CH18: 3356399.7 | CI18: =SUM(CI6:CI17) -> 15 | CJ18: =SUM(CJ6:CJ17) -> 14 | CK18: =SUM(CK6:CK17) -> 1 | CL18: =SUM(CL6:CL17) -> 6520398.7 | CM18: =SUM(CM6:CM17) -> 7 | CN18: =SUM(CN6:CN17) -> 6 | CO18: =SUM(CO6:CO17) -> 1 | CP18: =SUM(CP6:CP17) -> 3375601.6 | ... CX18: =SUM(CX6:CX17) -> 246900.28 | CY18: 1.1597392e+08
I19: PPTO | J19: 22910337 | M19: PPTO | N19: 6052077 | Q19: PPTO | R19: 10880061 | U19: PPTO | V19: 6488953 | Y19: PPTO | Z19: 2763562 | AC19: PPTO | AD19: 2285539 | AG19: PPTO | AH19: 7829587 | AK19: PPTO | AL19: 9875144 | AO19: PPTO | AP19: 7680740 | AS19: PPTO | AT19: 16394103 | AW19: PPTO | AX19: 6612394 | BA19: PPTO | BB19: 1576375 | BE19: PPTO | BF19: 2166698 | BI19: PPTO | BJ19: 6270894 | BM19: PPTO | BN19: 395729 | BQ19: PPTO | BR19: 395729 | BU19: PPTO | BV19: 1978645 | BY19: PPTO | BZ19: 395729 | CC19: PPTO | CD19: 6110906 | CG19: PPTO | CH19: 3548479 | CK19: PPTO | CL19: 6657163 | CO19: PPTO | CP19: 3904675 | CS19: PPTO | CT19: 1605203 | CW19: PPTO | CX19: 331992 | CY19: 135110714
I20: SALDO | J20: =J19-J18 -> 1193339.7 | M20: SALDO | N20: =N19-N18 -> 463773.04 | Q20: SALDO | R20: =R19-R18 -> 4691157.3 | U20: SALDO | V20: =V19-V18 -> 465649.78 | Y20: SALDO | Z20: =Z19-Z18 -> 163363.24 | AC20: SALDO | AD20: =AD19-AD18 -> 188839.2 | AG20: SALDO | AH20: =AH19-AH18 -> 819084.38 | AK20: SALDO | AL20: =AL19-AL18 -> 1922941.4 | AO20: SALDO | AP20: =AP19-AP18 -> 756038.02 | AS20: SALDO | AT20: =AT19-AT18 -> 3314094.3 | AW20: SALDO | AX20: =AX19-AX18 -> 385391.68 | BA20: SALDO | BB20: =BB19-BB18 -> 82674.92 | BE20: SALDO | BF20: =BF19-BF18 -> 304498.36 | BI20: SALDO | BJ20: =BJ19-BJ18 -> 379395.22 | BM20: SALDO | BN20: =BN19-BN18 -> 26829.44 | BQ20: SALDO | BR20: =BR19-BR18 -> 26829.44 | BU20: SALDO | BV20: =BV19-BV18 -> 135347.2 | BY20: SALDO | BZ20: =BZ19-BZ18 -> 27229.44 | CC20: SALDO | CD20: =CD19-CD18 -> 2735304.4 | CG20: SALDO | CH20: =CH19-CH18 -> 192079.28 | CK20: SALDO | CL20: =CL19-CL18 -> 136764.26 | CO20: SALDO | CP20: =CP19-CP18 -> 529073.44 | CS20: SALDO | CT20: =CT19-CT18 -> 112002.92 | CW20: SALDO | CX20: =CX19-CX18 -> 85091.72 | CY20: 19136792

Sheet PRESUPUESTO
B2: ARTICULO PRESUPUESTAL (SIIF NACIÓN) | C2: RECURSO | D2: DESCRIPCIÓN DEL RUBRO | E2: UNIDAD BENEFICIADA | F2: VALOR PRESUPUESTO ASIGNADO MEDIANTE CDP | G2: VALOR TOTAL PRESUPUESTO ADJUDICADO | H2: SALDO
B3: A-02-02-02-008-003-04-4 | C3: 10 | D3: SERVICIOS PROFESIONALES, CIENTÍFICOS Y TÉCNICOS | E3: BATALLÓN DE SERVICIO NO. 5 MERCEDES ABREGO BASPC5 | F3: 22910337 | G3: ='CUBRIMIENTO NECESIDAD'!J18 -> 21716997 | H3: =F3-G3 -> 1193339.7
E4: BATALLÓN DE INGENIEROS NO. 5 FCO. JOSÉ DE CALDAS BICAL5 | F4: 6052077 | G4: ='CUBRIMIENTO NECESIDAD'!N18 -> 5588304 | H4: =F4-G4 -> 463773.04
E5: BATALLÓN DE INFANTERÍA NO. 14 ANTONIO RICAURTE BIRIC | F5: 10880061 | G5: ='CUBRIMIENTO NECESIDAD'!R18 -> 6188903.7 | H5: =F5-G5 -> 4691157.3
E6: BATALLÓN DE INFANTERÍA NO.41 GR. RAFAEL REYES BIREY | F6: 6488953 | G6: ='CUBRIMIENTO NECESIDAD'!V18 -> 6023303.2 | H6: =F6-G6 -> 465649.78
E7: BATALLÓN DE INSTRUCCIÓN, ENTRENAMIENTO Y REENTRENAMIENTO NO.5 BITER5 | F7: 2763562 | G7: ='CUBRIMIENTO NECESIDAD'!Z18 -> 2600198.8 | H7: =F7-G7 -> 163363.24
E8: GAULA MILITAR CHICAMOCHA GGCHI | F8: 2285539 | G8: ='CUBRIMIENTO NECESIDAD'!AD18 -> 2096699.8 | H8: =F8-G8 -> 188839.2
E9: BATALLÓN DE ARTILLERÍA N° 5 “CT. JOSÉ ANTONIO GALÁN” BAACA5 | F9: 7829587 | G9: ='CUBRIMIENTO NECESIDAD'!AH18 -> 7010502.6 | H9: =F9-G9 -> 819084.38
E10: BATALLÓN DE INFANTERÍA NO. 40 “CR. LUCIANO D’LHUYAR” BILUD40 | F10: 9875144 | G10: ='CUBRIMIENTO NECESIDAD'!AL18 -> 7952202.6 | H10: =F10-G10 -> 1922941.4
E11: BATALLÓN DE ARTILLERÍA DE DEFENSA ANTIÁEREA NO. 2 "NUEVA GRANADA" BAADA2 | F11: 7680740 | G11: ='CUBRIMIENTO NECESIDAD'!AP18 -> 6924702 | H11: =F11-G11 -> 756038.02
E12: BATALLÓN DE ARTILLERÍA DE CAMPAÑA NO.2 "TE. GRAL GUSTAVO ROJAS P." BAACA6 | F12: 16394103 | G12: ='CUBRIMIENTO NECESIDAD'!AT18 -> 13080009 | H12: =F12-G12 -> 3314094.3
E13: BATALLÓN DE SELVA NO.48 BASRO48 | F13: 6612394 | G13: ='CUBRIMIENTO NECESIDAD'!AX18 -> 6227002.3 | H13: =F13-G13 -> 385391.68
E14: BATALLÓN DE ACCIÓN INTEGRAL NO. 2 - BAAID2 | F14: 1576375 | G14: ='CUBRIMIENTO NECESIDAD'!BB18 -> 1493700.1 | H14: =F14-G14 -> 82674.92
E15: BATALLÓN DE MOVILIDAD Y MANIOBRA NO, 2 BMMA2 | F15: 2166698 | G15: ='CUBRIMIENTO NECESIDAD'!BF18 -> 1862199.6 | H15: =F15-G15 -> 304498.36
E16: BATALLÓN DE INGENIEROS DE DESMINADO HUMANITARIO NO. 3 BIDEH3 | F16: 6270894 | G16: ='CUBRIMIENTO NECESIDAD'!BJ18 -> 5891498.8 | H16: =F16-G16 -> 379395.22
E17: CENTRAL ADMINISTRATIVA Y CONTABLE CENACBUC | F17: 395729 | G17: ='CUBRIMIENTO NECESIDAD'!BN18 -> 368899.56 | H17: =F17-G17 -> 26829.44
E18: QUINTA ZONA DE RECLUTAMIENTO ZONA5 | F18: 395729 | G18: ='CUBRIMIENTO NECESIDAD'!BR18 -> 368899.56 | H18: =F18-G18 -> 26829.44
E19: DECIMA NOVENA BRIGADA – BR19 | F19: 1978645 | G19: ='CUBRIMIENTO NECESIDAD'!BV18 -> 1843297.8 | H19: =F19-G19 -> 135347.2
E20: BATALLÓN DE DESPLIEGUE RÁPIDO N° 25 – BADRA25 | F20: 395729 | G20: ='CUBRIMIENTO NECESIDAD'!BZ18 -> 368499.56 | H20: =F20-G20 -> 27229.44
E21: BRIGADA CONTRA EL NARCOTRÁFICO NO.2 | F21: 6110906 | G21: ='CUBRIMIENTO NECESIDAD'!CD18 -> 3375601.6 | H21: =F21-G21 -> 2735304.4
E22: FUERZA DE DESPLIEGUE RÁPIDO NO.9 | F22: 3548479 | G22: ='CUBRIMIENTO NECESIDAD'!CH18 -> 3356399.7 | H22: =F22-G22 -> 192079.28
B23: TOTAL | F23: =SUM(F3:F22) -> 122611681 | G23: =SUM(G3:G22) -> 1.0433782e+08 | H23: =SUM(H3:H22) -> 18273860
B25: PLAN ANUAL DE ADQUISICIONES R10
B26: ARTICULO PRESUPUESTAL (SIIF NACIÓN) | C26: RECURSO | D26: DESCRIPCIÓN DEL RUBRO | E26: UNIDAD BENEFICIADA | F26: VALOR PRESUPUESTO ASIGNADO MEDIANTE CDP | G26: VALOR TOTAL PRESUPUESTO ADJUDICADO | H26: SALDO
B27: A-02-02-02-008-003-04-4 | C27: 10 | D27: SERVICIOS PROFESIONALES, CIENTÍFICOS Y TÉCNICOS | E27: BATALLÓN DE INGENIEROS DE DESMINADO HUMANITARIO NO. 3 BIDEH3 | F27: 6657163 | G27: ='CUBRIMIENTO NECESIDAD'!CL18 -> 6520398.7 | H27: =F27-G27 -> 136764.26
E28: BATALLÓN DE INGENIEROS NO. 5 FCO. JOSÉ DE CALDAS BICAL5 | F28: 3904675 | G28: ='CUBRIMIENTO NECESIDAD'!CP18 -> 3375601.6 | H28: =F28-G28 -> 529073.44
E29: GAULA MILITAR CHICAMOCHA GGCHI | F29: 1605203 | G29: ='CUBRIMIENTO NECESIDAD'!CT18 -> 1493200.1 | H29: =F29-G29 -> 112002.92
E30: GAULA MILITAR MAGDALENA GGMAM | F30: 331992 | G30: ='CUBRIMIENTO NECESIDAD'!CX18 -> 246900.28 | H30: =F30-G30 -> 85091.72
B31: TOTAL CDO GENERAL | F31: =SUM(F27:F30) -> 12499033 | G31: =SUM(G27:G30) -> 11636101 | H31: =SUM(H27:H30) -> 862932.34
B33: TOTAL OAPF Y PAA R10 | F33: =+F23+F31 -> 135110714 | G33: =G23+G31 -> 1.1597392e+08 | H33: =H23+H31 -> 19136792
